 Dungeon Crawl Stone Soup version 0.31.0-9-g3a7656b989 (webtiles) character file.

Game seed: 17452815911312046039

222 qw the Skirmisher (level 5, -2/30 HPs)
             Began as a Deep Elf Hunter on Feb 2, 2024.
             Slain by a gnoll
             ... wielding a +1 heavy spear
              (9 damage)
             ... on level 4 of the Dungeon.
             The game lasted 00:00:09 (2397 turns).

qw the Skirmisher (Deep Elf Hunter)                 Turns: 2397, Time: 00:00:10

Health: -2/30      AC:  5    Str: 10    XL:     5   Next: 66%
Magic:  7/7        EV: 11    Int: 14    God:
Gold:   167        SH:  0    Dex: 18    Spells: 4/4 levels left

rFire   . . .        a - +0 shortbow
rCold   . . .        (shield currently unavailable)
rNeg    . . .        j - +0 ring mail
rPois   .            (no helmet)
rElec   .            (no cloak)
rCorr   .            (no gloves)
SInv    .            (no boots)
Will    .....        (no amulet)
Stlth   +            (no ring)
HPRegen 0.25/turn    (no ring)
MPRegen 0.10/turn

%: no passive effects
@: no status effects
A: no striking features
a: no special abilities


You were on level 4 of the Dungeon.
You visited 1 branch of the dungeon, and saw 4 of its levels.

You collected 167 gold pieces.


   Skills:
 + Level 1.9 Fighting
 - Level 9.0 Ranged Weapons
 - Level 2.4 Dodging
 - Level 1.2 Stealth


You had 4 spell levels left.
You didn't know any spells.
Your spell library was empty.

Inventory:

Hand Weapons
 a - a +0 shortbow (weapon)
Armour
 j - a +0 ring mail (worn)
Potions
 b - a potion of might {unknown}
 f - a potion of brilliance {unknown}
 g - a potion of enlightenment
 h - a potion of invisibility {unknown}
 i - a potion of lignification {unknown}

Dungeon Overview and Level Annotations

Branches:
Dungeon (4/15)
 Temple: D:4-7

Altars:
Dithmenos
Qazlal
Ru
Yredelemnul


Message History

You shoot an arrow. The arrow hits the gnoll.
The gnoll is lightly wounded.
The gnoll throws a throwing net.
The throwing net hits you.
You become entangled in the net!
The gnoll hits you from afar with a +1 heavy spear.
You struggle against the net.
The gnoll hits you but does no damage.
The ball python bites you but does no damage.
The ball python grabs you. The ball python constricts you.
You tear a large gash into the net.
The gnoll hits you from afar with a +1 heavy spear.
The gnoll hits you from afar with a +0 spear.
The ball python bites you. The ball python constricts you.
2390 ||| DRINKING potion of heal wounds.
You feel much better.
The gnoll hits you from afar with a +0 spear.
The ball python bites you. The ball python constricts you.
The gnoll completely misses you.
You rip the net and break free!
The ball python bites you but does no damage.
The ball python constricts you. The gnoll closely misses you.
You shoot an arrow. The arrow hits the ball python.
You kill the ball python!
The gnoll closely misses you. x2
You shoot an arrow. The arrow barely misses the gnoll.
The gnoll hits you from afar with a +0 spear.
The gnoll misses you.
You shoot an arrow. The arrow hits the gnoll!
The gnoll is severely wounded.
The gnoll closely misses you.
You shoot an arrow. The arrow hits the gnoll!
You kill the gnoll!
The gnoll hits you from afar with a +1 heavy spear.
You shoot an arrow. The arrow hits the gnoll.
The gnoll is moderately wounded.
The gnoll hits you from afar with a +1 heavy spear!
You shoot an arrow. The arrow hits the gnoll.
The gnoll is moderately wounded.
The gnoll hits you from afar with a +1 heavy spear!
You die...

.$.. ....
..... #.#
..... ...
...... ##.#
#)_:.._
..#####.g.....
#.##..@....}..
#.##..........
#..#......%...
#....###..._..
#.##..# ##...#
#.###..# ...#
#.# #..# ###
####.## #.#
.###.....# ..>


You could see a gnoll.

Vanquished Creatures
  A hound (D:4)
  An iguana (D:4)
  6 gnolls
  5 adders
  2 dart slugs (D:2)
  2 ribbon worms
  3 endoplasms
  A giant cockroach (D:2)
  2 goblins (D:1)
  6 hobgoblins
  7 jackals
  5 kobolds
  3 quokkas
  4 ball pythons
  6 bats
  2 frilled lizards (D:2)
  7 rats
63 creatures vanquished.

Notes
Turn   | Place    | Note
-------+----------+-------------------------------------------
     0 | D:1      | qw the Deep Elf Hunter began the quest for the Orb.
     0 | D:1      | Reached XP level 1. HP: 12/12 MP: 3/3
     0 | D:1      | 0 ||| qw: Version: 0.3-a-155-g5e7d8dd
     0 | D:1      | 0 ||| qw: Game counter: 142
     0 | D:1      | 0 ||| qw: Melee chars always use a shield: true
     0 | D:1      | 0 ||| qw: God list: Okawaru
     0 | D:1      | 0 ||| qw: Allow faded altars: false
     0 | D:1      | 0 ||| qw: Do Orc after clearing Dungeon:15 true
     0 | D:1      | 0 ||| qw: Do second Lair branch before Depths: true
     0 | D:1      | 0 ||| qw: Lair rune preference: random
     0 | D:1      | 0 ||| qw: Goals: Normal
     0 | D:1      | 0 ||| PLANNING D:1-11
    59 | D:1      | Reached XP level 2. HP: 16/16 MP: 4/4
    64 | D:1      | Reached skill level 6 in Ranged Weapons
   426 | D:1      | Found a faded altar of an unknown god.
   664 | D:1      | 664 ||| READING 3 scrolls labelled UGHUGAGRIOTI.
   665 | D:1      | 665 ||| READING scroll labelled UNUKHL ARACIOFF.
   666 | D:1      | 666 ||| DROPPING scroll of butterflies.
   667 | D:1      | 667 ||| DROPPING 2 scrolls of noise.
   826 | D:2      | Reached XP level 3. HP: 14/20 MP: 5/5
  1038 | D:2      | Reached skill level 7 in Ranged Weapons
  1371 | D:2      | 1371 ||| UPGRADING to +0 ring mail.
  1378 | D:2      | 1378 ||| UPGRADING to +0 ring mail.
  1388 | D:2      | 1388 ||| DROPPING +0 leather armour.
  1544 | D:2      | 1544 ||| READING scroll labelled GOUPU OSADD.
  1544 | D:2      | 1544 ||| IDENTIFYING smoky red potion
  1545 | D:2      | 1545 ||| READING scroll labelled QYRITI PEKEY.
  1546 | D:2      | 1546 ||| DRINKING 2 sedimented pink potions.
  1547 | D:2      | 1547 ||| DROPPING potion of magic.
  1585 | D:3      | Reached XP level 4. HP: 25/25 MP: 6/6
  1623 | D:3      | HP: 6/25 [poisoned by an adder]
  1624 | D:3      | 1624 ||| DRINKING 2 potions of heal wounds.
  1672 | D:3      | Reached skill level 8 in Ranged Weapons
  1948 | D:3      | Found a shadowy altar of Dithmenos.
  2084 | D:3      | 2084 ||| DROPPING ring of wizardry.
  2085 | D:3      | 2085 ||| READING scroll labelled BYOTWU LOPIL.
  2089 | D:3      | 2089 ||| DRINKING 2 ruby potions.
  2118 | D:4      | Reached XP level 5. HP: 17/29 MP: 7/7
  2123 | D:4      | 2123 ||| FLEEEEING.
  2127 | D:4      | 2127 ||| FLEEEEING.
  2128 | D:4      | 2128 ||| FLEEEEING.
  2129 | D:4      | 2129 ||| FLEEEEING.
  2130 | D:4      | 2130 ||| FLEEEEING.
  2131 | D:4      | 2131 ||| FLEEEEING.
  2132 | D:4      | 2132 ||| FLEEEEING.
  2133 | D:4      | 2133 ||| FLEEEEING.
  2134 | D:4      | 2134 ||| FLEEEEING.
  2135 | D:4      | 2135 ||| STAIRDANCE
  2324 | D:4      | Reached skill level 9 in Ranged Weapons
  2370 | D:4      | Found a sacrificial altar of Ru.
  2372 | D:4      | Found a stormy altar of Qazlal.
  2379 | D:4      | Found a basalt altar of Yredelemnul.
  2389 | D:4      | HP: 7/30 [ball python (3)]
  2390 | D:4      | 2390 ||| DRINKING potion of heal wounds.
  2396 | D:4      | HP: 7/30 [gnoll/+1 heavy spear (9)]
  2397 | D:4      | Slain by a gnoll

Levels and vault maps discovered:
D:1:      lightli_arrival_farm, layout_basic, serial_glass, glass_columns_c,
          glass_columns_b, glass_columns_b, glass_columns_c, item_on_display_a,
          minmay_strange_pillars, due_unseen_surprise, minmay_strange_pillars,
          shapermc_ecumenical_altar_totnotflames
D:2:      layout_basic, kennysheep_generic_room_4
D:3:      layout_rooms, amcnicky_altar_gilded
D:4:      layout_basic, grunt_temple_overflow_open, serial_corexii_hall,
          chequers_hall_statues_wall_a, chequers_hall_statues_corner_a,
          gammafunk_ghost_arena

Skill      XL: |  1  2  3  4  5 |
---------------+----------------+-----
Ranged Weapons | 6 7 8 9 |  9.0
Fighting       | |  1.9
Dodging        | |  2.4
Stealth        | |  1.2

Action                     |  1- 3 |  4- 6 || total
---------------------------+-------+-------++-------
   Fire: Shortbow          |   125 |   104 ||   229
    Use: Scroll            |     4 |     1 ||     5
         Potion            |     1 |     3 ||     4
 Armour: Leather armour    |    21 |       ||    21
         Ring mail         |       |    47 ||    47
  Dodge: Dodged            |    40 |    29 ||    69

Table legend:
 A = Non-vault XP
 B = Vault XP
 C = Vault XP percentage of total XP
 D = Non-vault monster count
 E = Vault monster count
 F = Vault count percentage of total count
                 A         B        C        D         E       F
            +---------+---------+-------+---------+---------+-------
      Total |     316 |       2 |   0.6 |      62 |       1 |   1.6
            +---------+---------+-------+---------+---------+-------
        D:1 |      34 |       0 |   0.0 |      21 |       0 |   0.0
        D:2 |      60 |       2 |   3.2 |      20 |       1 |   4.8
        D:3 |      94 |       0 |   0.0 |      12 |       0 |   0.0
        D:4 |     128 |       0 |   0.0 |       9 |       0 |   0.0
            +---------+---------+-------+---------+---------+-------
